 Dungeon Crawl Stone Soup version 0.29.1-12-g30fa7ad0bf (webtiles) character file.

Game seed: 3161452401727684344

3674672 FexLirch the Thanatomancer (level 27, 214/214 HPs)
             Began as a Demonspawn Conjurer on Dec 31, 2022.
             Was the Champion of Jiyva.
             Escaped with the Orb
             ... and 5 runes on Jan 2, 2023!
             The game lasted 06:51:58 (57589 turns).

FexLirch the Thanatomancer (Demonspawn Conjurer)   Turns: 57589, Time: 06:51:59

Health: 214/214    AC:  9    Str: 11    XL:     27
Magic:  56/56      EV: 21    Int: 51    God:    Jiyva [******]
Gold:   4084       SH:  0    Dex: 14    Spells: 8/67 levels left

rFire   + + +      SeeInvis +   m - +7 great mace "Undeadhunter" {disrupt, rN+}
rCold   + + +      Faith    .   (shield currently unavailable)
rNeg    + . .      Spirit   +   y - +1 leather armour of Eternal Night {rElec MP+9 Str-2 Int+8}
rPois   .          Reflect  .   K - +0 helmet "Vinwosom" {rElec rF+ SInv}
rElec   +          Harm     .   L - scarf {rC+ rF+}
rCorr   +          Rampage  .   W - +0 pair of gloves of the Moon {rF+ Str+2}
Will    +++..                   (boots unavailable)
Stlth   +.........              Q - amulet of Vitality {RegenMP++ Regen++}
HPRegen 3.65/turn               T - ring of Jezxuwy {rC++ Int+6}
MPRegen 2.00/turn               P - ring of Soxkemar {Will+ Str+3 Int+6}

@: studying 3 skills
A: hooves 3, ignite blood 3, magic shield, magic regeneration, magic link, sharp
scales 3, corrupting presence 2, word of chaos, cold resistance 2, wild magic 3,
eyeballs 1, translucent skin 3, jelly sensing items, sturdy frame 1, engulf
0: Orb of Zot
}: 5/15 runes: decaying, serpentine, slimy, silver, abyssal
a: Word of Chaos, Renounce Religion, Oozemancy, Slimify


You escaped.
You worshipped Jiyva.
Jiyva was exalted by your worship.
You visited 15 branches of the dungeon, and saw 63 of its levels.
You visited the Abyss 1 time.
You visited 1 bazaar.

You collected 24030 gold pieces.
You spent 11805 gold pieces at shops.
You paid 8141 gold pieces to Gozag.

Inventory:

Hand Weapons
 a - the +11 dagger of Evil {elec, Fly rElec rPois}
   (You acquired it on level 1 of the Swamp)

   It occasionally discharges a powerful burst of electricity upon striking a
   foe.
   rElec:     It insulates you from electricity.
   rPois:     It protects you from poison.
   Fly:       It grants you flight.
 f - the +4 falchion of the Scorpion {vorpal, Str+5}
   (You found it on level 1 of the Realm of Zot)

   It inflicts extra damage upon your enemies.
   Str:       It affects your strength (+5).
 m - the +7 great mace "Undeadhunter" (weapon) {disrupt, rN+}
   (You took it off a deep elf death mage on level 3 of the Elven Halls)

   It inflicts significantly more damage against the undead.
   rN:        It protects you from negative energy.
Armour
 h - an orb of light
 y - the +1 leather armour of Eternal Night (worn) {rElec MP+9 Str-2 Int+8}
   (You took it off a deep elf death mage on level 3 of the Elven Halls)

   Str:       It affects your strength (-2).
   Int:       It affects your intelligence (+8).
   rElec:     It insulates you from electricity.
   MP:        It affects your magic capacity (+9).
 K - the +0 helmet "Vinwosom" (worn) {rElec rF+ SInv}
   (You acquired it on level 5 of the Vaults)

   rF:        It protects you from fire.
   rElec:     It insulates you from electricity.
   SInv:      It lets you see invisible.
 L - a scarf of resistance (worn)
 W - the +0 pair of gloves of the Moon (worn) {rF+ Str+2}
   (You bought it in a shop on level 14 of the Dungeon)

   Str:       It affects your strength (+2).
   rF:        It protects you from fire.
Magical Staves
 q - a staff of earth
 V - a staff of fire
Jewellery
 g - a ring of positive energy
 p - a ring of willpower
 G - a ring of protection from fire
 O - the ring of the Cuttlefish {rN+ Stlth+}
   (You found it on level 5 of the Lair of Beasts)

   [ring of positive energy]

   rN:        It protects you from negative energy.
   Stlth:     It makes you more stealthy.
 P - the ring of Soxkemar (right hand) {Will+ Str+3 Int+6}
   (You bought it in a shop on level 2 of the Dungeon)

   [ring of intelligence]

   Str:       It affects your strength (+3).
   Int:       It affects your intelligence (+6).
   Will:      It increases your willpower.
 Q - the amulet of Vitality (around neck) {RegenMP++ Regen++}
   (You bought it in a shop on level 1 of the Snake Pit)

   [amulet of magic regeneration]

   It increases your rate of magic regeneration.
   Regen:     It increases your rate of health regeneration.
 S - a ring of magical power
 T - the ring of Jezxuwy (left hand) {rC++ Int+6}
   (You bought it in a shop on level 1 of the Depths)

   [ring of intelligence]

   Int:       It affects your intelligence (+6).
   rC:        It greatly protects you from cold.
 X - a ring of see invisible
Wands
 v - a wand of flame (76)
 x - a wand of mindburst (15)
 A - a wand of iceblast (28)
 C - a wand of digging (14)
 F - a wand of light (5)
Scrolls
 c - 9 scrolls of fear
 e - 9 scrolls of magic mapping
 j - 8 scrolls of butterflies
 k - 20 scrolls of teleportation
 n - 6 scrolls of noise
 s - 4 scrolls of torment
 w - 14 scrolls of amnesia
 z - 5 scrolls of poison
 I - 2 scrolls of summoning
 N - 7 scrolls of immolation
 Y - 3 scrolls of silence
 Z - 7 scrolls of vulnerability
Potions
 b - 6 potions of magic
 d - 10 potions of brilliance
 l - 3 potions of resistance
 o - a potion of ambrosia
 r - 6 potions of haste
 B - 9 potions of heal wounds
 D - 14 potions of curing
 E - 6 potions of attraction
 H - 8 potions of might
 J - 5 potions of mutation
 M - 5 potions of cancellation
 R - 6 potions of berserk rage
 U - 13 potions of lignification
Miscellaneous
 i - a phantom mirror
 t - a lightning rod (4/4)
 u - a tin of tremorstones (2/2)


   Skills:
 - Level 17.1 Fighting
 - Level 3.3 Short Blades
 - Level 18.0 Dodging
 - Level 1.7 Stealth
 - Level 20.8 Spellcasting
 - Level 20.0 Conjurations
 - Level 4.1 Hexes
 + Level 18.6 Summonings
 - Level 25.1 Necromancy
 - Level 4.0 Translocations
 - Level 10.0 Transmutations
 - Level 6.6 Air Magic
 - Level 16.8 Earth Magic


You had 8 spell levels left.
You knew the following spells:

 Your Spells              Type           Power      Damage    Failure   Level
a - Passage of Golubria   Tloc           100%       N/A       4%          4
b - Lehudib's Crystal Sp  Conj/Erth      83%        10d19     7%          8
c - Iskenderun's Mystic   Conj/Tloc      100%       2d19      1%          4
d - Fulminant Prism       Conj/Hex       73%        3d30      1%          4
e - Iron Shot             Conj/Erth      83%        9d15      1%          6
f - Swiftness             Air            100%       N/A       1%          3
g - Statue Form           Tmut/Erth      100%       N/A       3%          6
h - Apportation           Tloc           100%       N/A       1%          1
i - Spellforged Servitor  Conj/Summ      84%        N/A       2%          7
j - Haunt                 Necr/Summ      88%        N/A       1%          7
k - Death's Door          Necr           91%        N/A       7%          9

Your spell library contained the following spells:

 Spells                   Type           Power      Damage    Failure   Level
 Beastly Appendage        Tmut           100%       N/A       1%          1
 Foxfire                  Conj/Fire      100%       2x1d9     1%          1
 Magic Dart               Conj           100%       1d8       1%          1
 Necrotise                Necr           100%       1d9       1%          1
 Sandblast                Erth           100%       2d20      1%          1
 Shock                    Conj/Air       100%       1d9       1%          1
 Slow                     Hex            100%       N/A       1%          1
 Summon Small Mammal      Summ           100%       N/A       1%          1
 Passwall                 Tmut/Erth      100%       N/A       1%          2
 Searing Ray              Conj           100%       2d8       1%          2
 Sublimation of Blood     Necr           100%       N/A       1%          2
 Wereblood                Tmut           100%       N/A       1%          2
 Conjure Flame            Conj/Fire      100%       6-21      1%          3
 Dazzling Flash           Conj/Hex       100%       N/A       1%          3
 Mephitic Cloud           Conj/Pois/Air  100%       N/A       1%          3
 Stone Arrow              Conj/Erth      100%       3d13      1%          3
 Summon Guardian Golem    Hex/Summ       100%       N/A       1%          3
 Vampiric Draining        Necr           100%       2d13      1%          3
 Anguish                  Hex/Necr       78%        N/A       1%          4
 Animate Armour           Summ/Erth      100%       N/A       1%          4
 Animate Dead             Necr           100%       N/A       1%          4
 Corpse Rot               Necr/Pois/Air  100%       N/A       1%          4
 Dispel Undead            Necr           100%       3d31      1%          4
 Flame Wave               Conj/Fire      100%       2d21      1%          4
 Leda's Liquefaction      Hex/Erth       70%        N/A       1%          4
 Petrify                  Tmut/Erth      100%       N/A       1%          4
 Sticky Flame             Conj/Fire      100%       2d11      1%          4
 Summon Ice Beast         Ice/Summ       100%       N/A       1%          4
 Summon Lightning Spire   Summ/Air       100%       N/A       1%          4
 Borgnjor's Vile Clutch   Necr/Erth      86%        N/A       1%          5
 Irradiate                Conj/Tmut      78%        3d37      1%          5
 Iskenderun's Battlesphe  Conj           100%       2d15      1%          5
 Lee's Rapid Deconstruct  Erth           81%        3d37*     1%          5
 Lightning Bolt           Conj/Air       75%        1d101     1%          5
 Summon Mana Viper        Hex/Summ       100%       N/A       1%          5
 Death Channel            Necr           91%        N/A       1%          6
 Summon Cactus Giant      Summ           83%        N/A       1%          6
 Orb of Destruction       Conj           85%        9d19      1%          7
 Borgnjor's Revivificati  Necr           91%        N/A       1%          8
 Infestation              Necr           91%        N/A       1%          8
 Spider Form              Tmut/Pois      100%       N/A       2%          3
 Summon Forest            Summ/Tloc      72%        N/A       2%          5
 Monstrous Menagerie      Summ           83%        N/A       2%          7
 Summon Hydra             Summ           83%        N/A       2%          7
 Freeze                   Ice            100%       1d11      3%          1
 Gell's Gravitas          Tloc           100%       N/A       3%          3
 Ignite Poison            Fire/Tmut/Pois 100%       N/A       3%          3
 Teleport Other           Tloc           100%       N/A       3%          3
 Airstrike                Air            62%        2d(9-25)  3%          4
 Freezing Cloud           Conj/Ice/Air   67%        6-21      3%          5
 Conjure Ball Lightning   Conj/Air       75%        3x3d28    3%          6
 Simulacrum               Ice/Necr       74%        N/A       3%          6
 Scorch                   Fire           100%       2d10      4%          2
 Inner Flame              Hex/Fire       96%        N/A       4%          3
 Cause Fear               Hex            55%        N/A       4%          4
 Ice Form                 Ice/Tmut       100%       N/A       4%          4
 Frozen Ramparts          Ice            100%       1d16      6%          3
 Ozocubu's Armour         Ice            79%        N/A       6%          3
 Silence                  Hex/Air        58%        N/A       6%          5
 Alistair's Intoxication  Tmut/Pois      76%        N/A       7%          5
 Necromutation            Tmut/Necr      82%        N/A       8%          8
 Olgreb's Toxic Radiance  Pois           79%        N/A       13%         4
 Metabolic Englaciation   Hex/Ice        48%        N/A       14%         5
 Dragon Form              Tmut           69%        N/A       16%         7
 Eringya's Noxious Bog    Tmut/Pois      57%        N/A       21%         6
 Dispersal                Tloc           54%        N/A       26%         6
 Storm Form               Tmut/Air       66%        N/A       26%         7
 Ozocubu's Refrigeration  Ice            39%        4d16      99%         7
 Discord                  Hex            55%        N/A       99%         8
 Disjunction              Tloc           54%        N/A       99%         8
 Ignition                 Fire           39%        3d12      100%        8
 Dragon's Call            Summ           83%        N/A       36%         9
 Chain Lightning          Conj/Air       75%        3d100     92%         9


Dungeon Overview and Level Annotations

Branches:
Dungeon (15/15)            Temple (1/1) D:5            Lair (5/5) D:8
  Swamp (4/4) Lair:2        Snake (4/4) Lair:3        Slime (5/5) Lair:4
    Orc (2/2) D:10            Elf (3/3) Orc:2        Vaults (5/5) D:14
  Crypt (3/3) Vaults:2       Tomb (1/3) Crypt:3      Depths (4/4) D:15
   Hell (visited)             Dis (0/7) Hell            Geh (0/7) Hell
    Coc (0/7) Hell            Tar (5/7) Hell            Zot (5/5) Depths:4

Altars:
Ashenzari
Cheibriados
Dithmenos
Fedhas
Gozag
Hepliaklqana
Kikubaaqudgha
Makhleb
Nemelex Xobeh
Okawaru
Qazlal
Ru
Sif Muna
Trog
Uskayaw
Vehumet
Wu Jian
Xom
Yredelemnul
Jiyva

Shops:
D:2 =   D:8 *   D:9 *   D:12 [   D:14 [([:[?   Orc:2 *?[:   Lair:4 :[
Snake:1 ===?   Snake:2 [   Vaults:1 !   Vaults:2 [   Vaults:3 (   Vaults:4 =[*
Vaults:5 ?!   Depths:1 =:=   Depths:3 *[!

Portals:
Hell: Depths:1 Depths:2 Depths:3 Depths:4
Abyss: Depths:1 Depths:2 Depths:3 Depths:4
Pandemonium: Depths:2 Depths:4
Ziggurat: Depths:2
Trove: Elf:1 (give 5 scrolls of blinking)

Annotations:
Swamp:2 Roxanne
Slime:5 Royal Jelly
Elf:2 3 runed translucent doors
Depths:3 1 runed translucent door, xzight's ghost, veteran GnFi


Innate Abilities, Weirdness & Mutations

You have hooves in place of feet.
Your demonic aura causes all spilled blood to erupt in flames.
When hurt, damage is shared between your health and your magic reserves.
You regenerate magic rapidly.
When low on magic, you restore magic in place of health.
You are completely covered in razor-sharp scales. (AC +3, Slay +3)
Your presence sometimes corrodes or deforms those you injure.
You can speak a Word of Chaos.
Your flesh is very cold resistant. (rC++)
Your spells are much harder to cast, but much more powerful.
Your body has grown eyes which may confuse attackers. (Acc +3)
Your transparent skin significantly reduces your foes' accuracy. (Stealth+)
You have a small jelly attached to you that senses nearby items.
Your movements are slightly less encumbered by armour. (ER -2)
Your melee attacks may engulf your foes in ooze.


Message History

Your spellforged servitor casts a spell at the small abomination.
The crystal spear misses the small abomination.
There is an open door here.
The small abomination attacks as you move away!
The small abomination hits you.
A hellion comes into view.
The hellion hits you.
The small abomination barely misses you.
Casting: Lehudib's Crystal Spear (dangerous; 7% risk of failure)
Confirm with . or Enter, or press ? or * to list all spells.
Aiming: Lehudib's Crystal Spear (dangerous; 7% risk of failure)
Press: ? - help, Shift-Dir - straight line, f - hellion, p - small abomination
Aim: a hellion (86% to hit)
The crystal spear hits the hellion!!!!
You kill the hellion!
The small abomination completely misses you.
Casting: Lehudib's Crystal Spear (dangerous; 7% risk of failure)
Confirm with . or Enter, or press ? or * to list all spells.
Aiming: Iron Shot (mildly dangerous; 1% risk of failure)
Press: ? - help, Shift-Dir - straight line, f - small abomination
Aim: a small abomination (ally target, 88% to hit)
The iron shot hits the small abomination!!!
You destroy the small abomination!
Your magical contamination has completely faded away.
There is a stone staircase leading up here.
You can't go down here!
You climb upwards.
There is a stone staircase leading down here.
(D) Dungeon (T) Temple (L) Lair (S) Swamp (P) Snake Pit (M) Slime Pits (O) Orcish Mines (E) Elven Halls (V) Vaults (C) Crypt (W) Tomb (U) Depths (H) Hell (I) Dis (G) Gehenna (X) Cocytus (Y) Tartarus (Z) Zot
Where to? (Enter - D:1 @ (x,y), ? - help)
What level of the Dungeon? (default 1, ? - help)
There is a stone staircase leading up here.
You climb upwards.
There is a stone staircase leading down here.
There is a staircase leading out of the dungeon here.
You have escaped!

.###.#####################
#.. .# #.#
#.(.............# #..
.###.# ####≈≈≈≈≈≈≈####.#
###.. .....# #≈≈≈≈≈≈≈≈≈≈#
#.# #.... ######
#≈≈≈≈≈.≈≈≈≈# #.####.#..
#≈≈≈...~≈≈≈###.........
#≈....≈≈~≈≈#......#.#..
#≈≈.......≈#.##...#.#..
#≈≈...@....#.#..#.#....
#≈≈..........#.>#.#....
###..........#..#.#.#.#
##########.####.#....
#.#....##### #.#.####
#.#.######## #.#........#
#.#...)^....


There were no monsters in sight!

Vanquished Creatures
  3 dread liches (Zot:5)
  4 orbs of fire
  3 ancient liches
  Mennas (Vaults:5)
  Boris (twice) (Vaults:4 Depths:1)
  Bai Suzhen (Vaults:2)
  Xtahua (Vaults:2)
  Vv (Crypt:1)
  Saint Roka (Crypt:2)
  3 Killer Klowns
  A pandemonium lord (D:3)
  5 golden dragons
  Geryon (Hell)
  Jory (Vaults:5)
  3 Tzitzimimeh
  6 bone dragons
  2 profane servitors
  2 electric golems (Zot:5)
  A hellephant (Hell)
  2 Brimstone Fiends
  4 doom hounds
  7 tentacled monstrosities
  A shard shrike skeleton (Crypt:1)
  Mlioglotl (Swamp:1)
  Grunn (Depths:2)
  4 titans
  3 tainted leviathans
  3 liches
  A deep elf blademaster (Elf:3)
  18 Orb Guardians
  Murray (Depths:1)
  9 quicksilver dragons
  A tentacled starspawn (Abyss:3)
  Kirke (D:12)
  6 death cobs
  7 sphinxes
  5 ancient champions
  4 tengu reavers
  A thorn hunter (Swamp:1)
  9 shadow dragons
  12 storm dragons
  5 nagarajas
  5 revenants
  2 draconian monks
  2 draconian knights
  2 fire giants
  A caustic shrike zombie (Crypt:3)
  7 frost giants
  7 deep elf sorcerers
  2 balrugs
  A daeva (Zot:4)
  4 orc warlords
  4 iron dragons
  Aizul (Vaults:2)
  11 vault wardens
  2 ghost moths
  A draconian shifter (Zot:4)
  A cacodemon (Depths:2)
  11 draconian stormcallers
  A curse skull (Crypt:3)
  The ghost of Ydghunti the Tortoise, a journeyman MiGl of Cheibriados (Elf:2)
  8 draconian scorchers
  3 deep elf elementalists (Elf:3)
  6 spriggan defenders
  2 ghouls (Crypt:3)
  3 draconian annihilators
  14 ironbound preservers
  5 reapers
  12 very ugly things
  A war gargoyle (Vaults:3)
  10 stone giants
  A demonspawn corrupter (Depths:2)
  8 ironbound thunderhulks
  5 vampire knights
  5 black draconians
  5 putrid mouths
  4 entropy weavers
  8 eleionomae
  7 green draconians
  9 dire elephants
  A spark wasp (Depths:2)
  3 purple draconians
  7 white draconians
  5 deep elf demonologists
  8 red draconians
  4 yellow draconians
  3 spectral titans
  4 deep elf annihilators
  4 bunyips
  8 eidola
  17 ettins
  A merfolk javelineer (Depths:1)
  10 deep elf death magi
  An iron golem (Hell)
  Josephine (Snake:1)
  Fannar (Lair:3)
  7 jiangshi
  10 yaktaur captains
  3 spectral spriggans
  The ghost of ctx the Thaumaturge, a journeyman MeEE of Cheibriados (Orc:1)
  6 deep elf high priests
  28 hydras
  A shambling mangrove (Swamp:4)
  9 great orbs of eyes
  2 boulder beetles
  5 fire dragons
  28 vault guards
  7 ice dragons
  2 spriggan air magi
  3 salamander tyrants (Snake:4)
  9 rakshasas
  A fenstrider witch zombie (Crypt:2)
  5 ghost crabs
  An ogre mage (D:11)
  3 catoblepae
  A spriggan skeleton (Crypt:2)
  10 two-headed ogres
  2 death knights
  13 centaur warriors
  19 naga warriors
  11 ironbound frosthearts
  11 anacondas
  4 death yaks (Lair:5)
  18 dancing weapons
  10 deep troll shamans
  8 alligators
  2 death scarabs (Tomb:1)
  10 vampire magi
  2 deep troll earth magi (Depths:4)
  8 naga sharpshooters
  A thrashing horror (Abyss:3)
  3 hell hogs
  11 hell knights
  6 soul eaters
  Urug (Lair:3)
  11 deep elf knights
  3 spriggan berserkers
  9 tengu warriors
  4 sun demons
  Sonja (Lair:3)
  25 skeletal warriors
  10 shock serpents
  4 sixfirhies
  A wretched star (Abyss:3)
  9 iron trolls
  4 nameless horrors
  A spectral anaconda (Tar:3)
  14 shadow wraiths
  A glowing orange brain (Elf:1)
  An anaconda zombie (Hell)
  51 deep trolls
  A goliath frog (Swamp:4)
  A storm dragon skeleton (Crypt:3)
  A spectral hydra (Tar:1)
  3 bog bodies
  8 starcursed masses (Abyss:3)
  4 sea snakes (Snake:2)
  4 naga ritualists
  11 swamp dragons
  An iron giant zombie (Crypt:2)
  9 deep elf archers
  5 spriggan druids
  A bunyip zombie (Crypt:1)
  11 wizards
  7 flayed ghosts
  18 ironbound convokers
  A spectral iron dragon (Tar:1)
  2 orange crystal statues (Abyss:3)
  9 lindwurms
  21 phantasmal warriors
  16 deep elf zephyrmancers
  6 necromancers
  An oklob plant (Lair:4)
  33 ugly things
  8 mana vipers
  3 orc sorcerers
  19 deep elf pyromancers
  An iron dragon zombie (Crypt:2)
  7 salamanders
  A mana viper (shapeshifter) (Elf:2)
  2 worldbinders (Elf:1)
  10 orc knights
  A manticore (D:15)
  5 cyclopes
  A shadow dragon skeleton (Crypt:2)
  A sphinx skeleton (Crypt:2)
  15 moths of wrath
  A dire elephant zombie (Crypt:1)
  9 elephants
  18 naga magi
  41 black mambas
  A centaur zombie (D:15)
  A frost giant skeleton (Crypt:3)
  18 vault sentinels
  Maurice (D:8)
  2 molten gargoyles (Hell)
  A toenail golem (D:8)
  An ice statue (Hell)
  6 smoke demons
  6 rust devils
  3 guardian serpents (Snake:4)
  A naga skeleton (Abyss:3)
  A yellow draconian zombie (Crypt:2)
  2 orange demons
  A storm dragon simulacrum (Vaults:3)
  5 cane toads
  A kobold demonologist (D:14)
  An alligator snapping turtle zombie (Tomb:1)
  4 hellions
  8 komodo dragons
  3 rime drakes
  2 gargoyles (Depths:3)
  11 freezing wraiths
  2 efreet
  A torpor snail (Lair:4)
  38 yaktaurs
  10 ice devils
  3 red devils
  3 tengu conjurers
  3 tormentors
  2 hellwings (Depths:2)
  5 guardian mummies
  9 tyrant leeches
  A merfolk (shapeshifter) (Depths:1)
  2 polar bears
  6 trolls
  An ancient zyme (Abyss:3)
  2 hydra zombies (Hell)
  A yellow draconian skeleton (Crypt:2)
  A red draconian skeleton (Crypt:1)
  18 hornets
  4 large abominations (Abyss:3)
  A hydra skeleton (Crypt:3)
  A raiju (shapeshifter) (Elf:3)
  3 raiju (Abyss:3)
  6 blink frogs (Lair:5)
  14 slime creatures
  An alligator zombie (Hell)
  4 dream sheep (Lair:4)
  2 culicivoras
  9 flying skulls (Crypt:3)
  An ettin skeleton (Crypt:2)
  A dire elephant simulacrum (Crypt:3)
  2 air elementals
  5 wyverns
  3 vampires (Depths:3)
  15 water elementals
  10 shadows (Crypt:3)
  3 ynoxinuls
  2 alligator skeletons (Hell)
  A naga simulacrum (Crypt:3)
  An ushabti (Tomb:1)
  A hog (shapeshifter) (D:14)
  A fire elemental (Elf:1)
  32 yaks
  17 spriggans
  2 humans (Depths:3)
  9 wraiths
  3 basilisks
  A golden eye (shapeshifter) (D:13)
  10 neqoxecs
  4 redbacks
  A steam dragon (D:9)
  16 swamp worms
  3 naga zombies
  12 vampire mosquitoes
  52 nagas
  16 wargs
  3 acid dragons
  5 hell hounds (D:14)
  A water moccasin (shapeshifter) (Depths:4)
  12 water moccasins
  42 orc warriors
  A floating eye (shapeshifter) (Vaults:3)
  2 hornet zombies
  A cane toad skeleton (Crypt:1)
  3 ice beasts
  7 swamp drakes (Swamp:4)
  2 black bears (Lair:5)
  5 ogres
  5 boggarts
  38 wolves
  12 centaurs
  7 small abominations
  An elf simulacrum (Vaults:3)
  A salamander zombie (Crypt:1)
  A blink frog skeleton (Crypt:1)
  2 phantoms
  7 bullfrogs
  2 kobold brigands
  2 gnoll sergeants
  2 spectral wargs (Depths:3)
  5 earth elementals
  A necrophage (Crypt:3)
  2 scorpions (D:6)
  A water moccasin zombie (Crypt:3)
  4 wights (D:7)
  9 killer bees (D:9)
  6 howler monkeys
  6 electric eels
  A wolf zombie (Crypt:3)
  A quasit (Abyss:3)
  2 gnoll boudas
  6 hounds
  9 jellies
  10 orc priests
  2 human zombies (Crypt:1)
  A human skeleton (Crypt:1)
  Ijyb (D:3)
  17 orc wizards
  A boggart zombie (Crypt:1)
  An ogre skeleton (Crypt:3)
  Robin (D:3)
  2 mummies
  17 gnolls
  4 adders
  A shadow imp (D:5)
  2 white imps (Vaults:2)
  2 ufetubi
  An adder zombie (Crypt:3)
  A jelly zombie (Crypt:3)
  An adder skeleton (Crypt:1)
  A worm (D:5)
  3 dart slugs
  94 orcs
  3 bats
  9 endoplasms
  3 giant cockroaches
  10 hobgoblins
  30 kobolds
  7 quokkas
  8 ball pythons
  A butterfly zombie (Crypt:3)
  7 frilled lizards
  18 goblins
  7 rats
  2 rat zombies (D:4)
  2 butterflies
  5 fulminant prisms
  4 starspawn tentacles (Abyss:3)
2109 creatures vanquished.

Vanquished Creatures (collateral kills)
  A dread lich (Zot:5)
  4 orbs of fire (Zot:5)
  2 ancient liches (Zot:5)
  Mara (Vaults:4)
  3 Killer Klowns
  A curse toe (Zot:3)
  Margery (Vaults:2)
  A pandemonium lord (D:8)
  3 golden dragons
  the Enchantress (Depths:1)
  A doom hound (Tar:3)
  2 Tzitzimimeh
  2 bone dragons
  An electric golem (Zot:4)
  Zenata (Crypt:1)
  A spectral shard shrike (Tar:2)
  5 tentacled monstrosities
  10 Orb Guardians (Zot:5)
  A lich (Crypt:3)
  3 deep elf master archers
  4 quicksilver dragons
  A tentacled starspawn (Abyss:3)
  A death cob (Zot:1)
  A tengu reaver (Depths:2)
  2 storm dragons
  6 sphinxes
  3 frost giants
  2 nagarajas (Snake:4)
  4 draconian monks
  2 deep elf sorcerers (Elf:3)
  2 ghost moths (Zot:5)
  8 vault wardens
  An iron dragon (Vaults:5)
  2 orc warlords
  A draconian shifter (Zot:3)
  A spectral juggernaut (Tar:3)
  5 draconian stormcallers
  A ghoul (Crypt:1)
  A draconian annihilator (Zot:5)
  4 deep elf elementalists (Elf:3)
  A spriggan defender (Depths:2)
  2 war gargoyles (Vaults:5)
  3 reapers
  6 very ugly things
  9 ironbound preservers
  10 yellow draconians
  A green draconian (Zot:1)
  8 red draconians
  4 putrid mouths
  7 deep elf annihilators
  A black draconian (Depths:4)
  8 dire elephants
  2 white draconians
  A spark wasp (Depths:2)
  2 purple draconians
  3 eidola
  3 deep elf death magi
  An iron golem (Hell)
  A merfolk impaler (Elf:2)
  2 fire dragons
  2 merfolk javelineers (Elf:2)
  7 ettins
  A mummy priest (Tomb:1)
  10 yaktaur captains
  5 great orbs of eyes
  2 ice dragons
  A rakshasa (Depths:3)
  A deep elf high priest (Elf:3)
  6 vault guards
  2 boulder beetles
  7 centaur warriors
  An ogre mage (Vaults:5)
  A deep troll shaman (Depths:1)
  4 ironbound frosthearts
  2 anacondas
  2 death scarabs (Tomb:1)
  3 naga warriors
  5 naga sharpshooters
  2 tengu warriors (Depths:2)
  2 shock serpents
  4 deep elf knights
  A shock serpent (shapeshifter) (Vaults:5)
  4 hell knights (Vaults:2)
  A shadow wraith (Crypt:2)
  A soul eater (Depths:4)
  3 iron trolls
  3 salamander mystics
  A wretched star (Abyss:3)
  18 deep trolls
  15 skeletal warriors
  A sea snake (Snake:2)
  A naga ritualist (Snake:1)
  A swamp dragon (Zot:1)
  A tengu zombie (Vaults:3)
  2 wizards (D:14)
  A spectral iron dragon (Tar:1)
  3 deep elf archers
  3 ironbound convokers
  4 necromancers
  2 lindwurms (Vaults:2)
  9 deep elf zephyrmancers
  7 deep elf pyromancers
  2 mana vipers (Snake:1)
  8 ugly things
  5 moths of wrath
  2 salamanders
  A manticore (D:14)
  4 cyclopes
  A spectral centaur (Tar:1)
  8 naga magi
  3 rust devils
  8 vault sentinels
  An iron dragon skeleton (Crypt:2)
  A molten gargoyle (Hell)
  A guardian serpent (Snake:2)
  8 black mambas
  2 gargoyles (Depths:3)
  A smoke demon (Abyss:3)
  A dire elephant zombie (Tomb:1)
  An orange demon (D:14)
  2 kobold demonologists (D:14)
  19 yaktaurs
  2 hellions
  An elf skeleton (Vaults:3)
  A tormentor (Depths:2)
  A red devil (Depths:4)
  2 tengu conjurers
  An efreet (D:15)
  A spectral harpy (Tar:3)
  3 guardian mummies
  A sea snake skeleton (Hell)
  A hornet (Depths:1)
  A hydra skeleton (Hell)
  8 slime creatures
  A stone giant simulacrum (Vaults:3)
  A centaur simulacrum (D:15)
  4 water elementals
  2 spriggans (Depths:1)
  A vampire (Abyss:3)
  A wind drake zombie (Crypt:2)
  A chaos spawn (Abyss:3)
  A redback (Vaults:2)
  14 nagas
  A warg (Depths:3)
  An acid dragon (Zot:1)
  2 hell hounds (D:14)
  An orc warrior (Crypt:2)
  A black bear (shapeshifter) (D:15)
  2 boggarts
  A wolf (Depths:3)
  A kobold brigand (D:14)
  A bullfrog (shapeshifter) (Elf:3)
  2 human skeletons (Crypt:1)
  3 mummies
  An orc (Crypt:2)
  2 kobolds
  A starspawn tentacle (Abyss:3)
472 creatures vanquished.

Vanquished Creatures (others)
  2 storm dragons (Zot:4)
  A draconian shifter (Zot:4)
  A very ugly thing (Vaults:4)
  A white draconian (Zot:4)
  A red draconian (Zot:4)
  2 black draconians (Zot:4)
  A fire dragon (Depths:4)
  A vault guard (Vaults:5)
  An alligator (shapeshifter) (Depths:1)
  A two-headed ogre (shapeshifter) (Vaults:5)
  A sixfirhy (Zot:5)
  2 glowing orange brains
  A faun (shapeshifter) (Vaults:5)
  2 moths of wrath
  2 bloated husks
  A hornet (Swamp:4)
  A shadow (Crypt:3)
  2 golden eyes
  4 redbacks (Vaults:5)
  An orc warrior (Crypt:2)
  A centaur (Depths:3)
  120 jellies
  An iron imp (Abyss:3)
  A mummy (Tomb:1)
  2 orcs
  A kobold (Depths:3)
  233 fulminant prisms
  25 fungi
  A lurking horror (Abyss:3)
  93 plants
  9 starspawn tentacles (Abyss:3)
  26 withered plants (Crypt:3)
542 creatures vanquished.

Grand Total: 3123 creatures vanquished

Notes
Turn   | Place    | Note
-------+----------+-------------------------------------------
     0 | D:1      | FexLirch the Demonspawn Conjurer began the quest for the
                  | Orb.
     0 | D:1      | Reached XP level 1. HP: 13/13 MP: 3/3
   159 | D:1      | Gained mutation: You regenerate magic rapidly. [demonic
                  | ancestry]
   159 | D:1      | Reached XP level 2. HP: 19/19 MP: 0/5
   228 | D:1      | Learned a level 2 spell: Searing Ray
   519 | D:1      | Found a faded altar of an unknown god.
   640 | D:1      | Gained mutation: You have large cloven feet. [demonic
                  | ancestry]
   640 | D:1      | Reached XP level 3. HP: 24/24 MP: 4/7
  1042 | D:2      | Found Kest's Jewellery Emporium.
  1585 | D:2      | Gained mutation: You are partially covered in razor-sharp
                  | scales. (AC +1, Slay +1) [demonic ancestry]
  1585 | D:2      | Reached XP level 4. HP: 30/30 MP: 3/8
  2169 | D:3      | Learned a level 4 spell: Iskenderun's Mystic Blast
  2275 | D:3      | Reached skill level 5 in Conjurations
  2598 | D:3      | Found a shimmering altar of Xom.
  2621 | D:4      | Found a radiant altar of Vehumet.
  2779 | D:4      | Noticed Ijyb
  3207 | D:3      | Noticed Robin
  3259 | D:3      | Killed Robin
  3612 | D:4      | Gained mutation: You have hoof-like feet. [demonic
                  | ancestry]
  3612 | D:4      | Reached XP level 5. HP: 35/35 MP: 4/10
  3703 | D:4      | Noticed an ogre
  3779 | D:3      | Killed Ijyb
  3780 | D:3      | Reached skill level 1 in Hexes
  3780 | D:3      | Reached skill level 1 in Translocations
  3872 | D:4      | Killed an ogre
  3873 | D:4      | Gained mutation: Your demonic aura sometimes causes spilled
                  | blood to erupt in flames. [demonic ancestry]
  3873 | D:4      | Reached XP level 6. HP: 31/41 MP: 3/11
  4344 | D:4      | Learned a level 4 spell: Fulminant Prism
  4487 | D:5      | Entered Level 5 of the Dungeon
  4523 | D:5      | Noticed a wyvern
  4528 | D:5      | Killed a wyvern
  4611 | D:5      | Gained mutation: You have hooves in place of feet. [demonic
                  | ancestry]
  4611 | D:5      | Reached XP level 7. HP: 36/46 MP: 6/13
  4978 | D:5      | Found a staircase to the Ecumenical Temple.
  4999 | Temple   | Entered the Ecumenical Temple
  5484 | D:6      | Reached skill level 5 in Spellcasting
  5535 | D:6      | Gained mutation: When hurt, damage is shared between your
                  | health and your magic reserves. [demonic ancestry]
  5535 | D:6      | Reached XP level 8. HP: 52/52 MP: 9/15
  6169 | D:7      | Found an iron altar of Okawaru.
  6235 | D:7      | Reached skill level 1 in Short Blades
  6235 | D:7      | Reached skill level 1 in Earth Magic
  6247 | D:7      | Found a shadowy altar of Dithmenos.
  6367 | D:7      | Reached XP level 9. HP: 36/57 MP: 4/17
  6918 | D:8      | Found Luvomm's General Store.
  7031 | D:8      | Noticed Maurice
  7049 | D:8      | Killed Maurice
  7082 | D:8      | Found a staircase to the Lair.
  7110 | D:8      | Reached skill level 1 in Fighting
  7249 | D:8      | Found an opulent altar of Gozag.
  7260 | D:8      | Became a worshipper of Gozag Ym Sagoz the Greedy
  7714 | D:8      | Noticed a two-headed ogre
  7722 | D:8      | Killed a two-headed ogre
  7723 | D:8      | Gained mutation: Your demonic aura often causes spilled
                  | blood to erupt in flames. [demonic ancestry]
  7723 | D:8      | Reached XP level 10. HP: 68/68 MP: 2/20
  8340 | D:9      | Noticed a two-headed ogre
  8346 | D:9      | Killed a two-headed ogre
  8383 | D:9      | Noticed a cyclops
  8389 | D:9      | Killed a cyclops
  8494 | D:9      | Learned a level 6 spell: Iron Shot
  8500 | D:9      | Learned a level 5 spell: Iskenderun's Battlesphere
  8527 | D:9      | Reached skill level 10 in Conjurations
  8791 | D:9      | Found Kuak's Gadget Gallery.
  9074 | D:9      | Noticed a two-headed ogre
  9089 | D:9      | Killed a two-headed ogre
  9179 | D:9      | Noticed a green ugly thing
  9179 | D:9      | Noticed a brown ugly thing
  9230 | D:9      | Killed a purple ugly thing
  9233 | D:9      | Killed a cyan ugly thing
  9234 | D:9      | Reached skill level 5 in Earth Magic
  9499 | D:9      | Reached XP level 11. HP: 77/78 MP: 1/22
  9782 | D:10     | Entered Level 10 of the Dungeon
 10306 | D:10     | Noticed a two-headed ogre
 10317 | D:10     | Killed a two-headed ogre
 10318 | D:10     | Reached skill level 5 in Fighting
 10318 | D:10     | Reached skill level 5 in Dodging
 10547 | D:10     | Found a staircase to the Orcish Mines.
 11512 | D:2      | Bought the ring of Soxkemar {Will+ Str+3 Int+6} for 713
                  | gold pieces
 11512 | D:2      | Bought an amulet of magic regeneration for 390 gold pieces
 11715 | D:11     | Noticed a six-headed hydra
 11721 | D:11     | Killed a six-headed hydra
 11751 | D:11     | Identified the +3 long sword of Bolober Nurgh {elec, rElec
                  | rC+++ rN+ Dex-3}
 11868 | D:11     | Noticed an ogre mage
 11872 | D:11     | Noticed a two-headed ogre
 11873 | D:11     | Killed a two-headed ogre
 11878 | D:11     | Noticed a two-headed ogre
 11880 | D:11     | Noticed a two-headed ogre
 11883 | D:11     | Killed a two-headed ogre
 11889 | D:11     | Killed an ogre mage
 11890 | D:11     | Killed a two-headed ogre
 12034 | D:11     | Noticed a purple ugly thing
 12038 | D:11     | Killed a purple ugly thing
 12097 | D:12     | Identified the +1 arbalest "Noaczor" {speed, rF+ Dex+5
                  | Stlth+}
 12129 | D:12     | Gained mutation: You are mostly covered in razor-sharp
                  | scales. (AC +2, Slay +2) [demonic ancestry]
 12129 | D:12     | Reached XP level 12. HP: 87/88 MP: 17/24
 12167 | D:12     | Noticed a six-headed hydra
 12309 | D:12     | Killed a six-headed hydra
 12376 | D:12     | Found Guicek's Armour Boutique.
 12386 | D:12     | Bought a scarf of repulsion for 168 gold pieces
 12582 | D:12     | Noticed Kirke
 12589 | D:12     | Killed Kirke
 12844 | D:13     | Noticed a five-headed hydra
 12850 | D:13     | Killed a five-headed hydra
 12936 | D:13     | Noticed a boulder beetle
 12952 | D:13     | Killed a boulder beetle
 13097 | D:13     | Noticed a tengu warrior
 13103 | D:13     | Killed a tengu warrior
 13107 | D:13     | Noticed a centaur warrior
 13117 | D:13     | Killed a centaur warrior
 13978 | D:14     | Noticed a tengu warrior
 13985 | D:14     | Killed a tengu warrior
 14304 | D:2      | Bought a +6 ring of intelligence for 468 gold pieces
 14462 | Lair:1   | Entered Level 1 of the Lair of Beasts
 14474 | Lair:1   | Noticed a five-headed hydra
 14477 | Lair:1   | Killed a five-headed hydra
 14565 | Lair:1   | Found an iron altar of Okawaru.
 14648 | Lair:1   | Noticed a catoblepas
 14657 | Lair:1   | Killed a catoblepas
 14928 | Lair:1   | Noticed a five-headed hydra
 14934 | Lair:1   | Killed a five-headed hydra
 14935 | Lair:1   | Gained mutation: Your demonic aura causes all spilled blood
                  | to erupt in flames. [demonic ancestry]
 14935 | Lair:1   | Reached XP level 13. HP: 96/96 MP: 14/26
 15604 | Lair:2   | Found a staircase to the Swamp.
 16591 | Lair:3   | Noticed Fannar
 16592 | Lair:3   | Identified the +2 robe of Resonance {Int+4 Dex+4}
 16595 | Lair:3   | Killed Fannar
 16803 | Lair:3   | Found a staircase to the Snake Pit.
 16870 | Lair:3   | Noticed Sonja
 16876 | Lair:3   | Killed Sonja
 16881 | Lair:3   | Reached skill level 1 in Transmutations
 16918 | Lair:3   | Noticed Urug
 16920 | Lair:3   | Reached skill level 10 in Spellcasting
 16947 | Lair:3   | Killed Urug
 17680 | Lair:4   | Reached XP level 14. HP: 106/106 MP: 18/28
 17758 | Lair:4   | Reached skill level 10 in Earth Magic
 17917 | Lair:4   | Found a staircase to the Slime Pits.
 17917 | Lair:4   | Found a viscous altar of Jiyva.
 18157 | Lair:5   | Entered Level 5 of the Lair of Beasts
 18341 | Lair:5   | Learned a level 6 spell: Statue Form
 19040 | Lair:5   | Identified the ring of the Cuttlefish {rN+ Stlth+}
 19428 | Orc:1    | Entered Level 1 of the Orcish Mines
 19611 | Orc:1    | Noticed ctx's ghost (journeyman MeEE)
 19635 | Orc:1    | Found a transporter.
 19668 | Orc:1    | Found a transporter.
 19739 | Orc:1    | Killed ctx's ghost
 20003 | Orc:2    | Entered Level 2 of the Orcish Mines
 20004 | Orc:2    | Found a staircase to the Elven Halls.
 20522 | Orc:1    | Noticed an orc warlord
 20527 | Orc:1    | Killed an orc warlord
 20749 | Orc:2    | Found Dilourr's Book Boutique.
 20749 | Orc:2    | Found Zogh's Armour Shoppe.
 20821 | Orc:2    | Found Yteanow's Magic Scroll Boutique.
 20836 | Orc:2    | Bought a scroll of blinking for 82 gold pieces
 20856 | Orc:2    | Found Vyfoerph's Assorted Antiques.
 21282 | Orc:2    | Bought a Necronomicon for 952 gold pieces
 21282 | Orc:2    | Bought a book of the Moon for 680 gold pieces
 21323 | Orc:2    | Bought a fizzy red potion for 18 gold pieces
 21323 | Orc:2    | Bought a bubbling sapphire potion for 18 gold pieces
 21323 | Orc:2    | Bought a scroll of teleportation for 60 gold pieces
 21323 | Orc:2    | Bought a scroll labelled VAOHYV KUXIT for 20 gold pieces
 21340 | Orc:2    | Bought a scroll of identify for 22 gold pieces
 21340 | Orc:2    | Bought a scroll of teleportation for 33 gold pieces
 21340 | Orc:2    | Bought a scroll of vulnerability for 44 gold pieces
 21340 | Orc:2    | Bought a scroll of identify for 22 gold pieces
 21340 | Orc:2    | Bought a scroll of amnesia for 44 gold pieces
 21565 | Swamp:1  | Entered Level 1 of the Swamp
 21603 | Swamp:1  | Identified 3 scrolls of acquirement
 21604 | Swamp:1  | Acquired the +11 dagger of Evil {elec, Fly rElec rPois}
 21610 | Swamp:1  | Acquired 697 gold pieces
 21611 | Swamp:1  | Acquired 844 gold pieces
 21705 | Swamp:1  | Reached XP level 15. HP: 115/115 MP: 7/30
 21736 | Swamp:1  | Identified the +0 leather armour of the Thunderstorm {Harm
                  | rElec rPois}
 21874 | Swamp:1  | Reached skill level 5 in Transmutations
 22282 | Swamp:2  | Noticed a thorn hunter
 22287 | Swamp:2  | Noticed Mlioglotl
 22291 | Swamp:1  | Killed a thorn hunter
 22292 | Swamp:1  | Reached skill level 10 in Dodging
 22483 | Swamp:1  | Killed Mlioglotl
 22484 | Swamp:1  | Reached skill level 10 in Fighting
 22851 | Swamp:2  | Identified Roxanne's Encyclopedia of Sculpting
 22851 | Swamp:2  | Noticed Roxanne
 23061 | Swamp:3  | Reached skill level 15 in Conjurations
 23352 | Swamp:4  | Entered Level 4 of the Swamp
 23402 | Swamp:3  | Reached skill level 1 in Summonings
 23934 | Swamp:4  | Gained mutation: Your presence sometimes corrodes those you
                  | injure. [demonic ancestry]
 23934 | Swamp:4  | Reached XP level 16. HP: 124/124 MP: 8/31
 24332 | Swamp:4  | Learned a level 1 spell: Apportation
 24466 | Swamp:4  | Got a decaying rune of Zot
 24581 | Snake:1  | Entered Level 1 of the Snake Pit
 24921 | Snake:1  | Learned a level 7 spell: Spellforged Servitor
 25083 | Snake:1  | Found Xisomios's Jewellery Shoppe.
 25090 | Snake:1  | Found Asedeuk's Jewellery Shoppe.
 25091 | Snake:1  | Noticed Josephine
 25096 | Snake:1  | Killed Josephine
 25127 | Snake:1  | Bought a ring of magical power for 300 gold pieces
 25140 | Snake:1  | Bought the amulet of Vitality {RegenMP++ Regen++} for 1400
                  | gold pieces
 25140 | Snake:1  | Found the amulet of Vitality {RegenMP++ Regen++}
 25378 | Snake:1  | Found Fuimaodi's Magic Scroll Boutique.
 25386 | Snake:1  | Bought a scroll of identify for 28 gold pieces
 25386 | Snake:1  | Bought a scroll of summoning for 133 gold pieces
 25386 | Snake:1  | Bought a scroll of identify for 28 gold pieces
 25386 | Snake:1  | Bought a scroll of magic mapping for 105 gold pieces
 25386 | Snake:1  | Bought a scroll of identify for 28 gold pieces
 25386 | Snake:1  | Bought a scroll of silence for 133 gold pieces
 25393 | Snake:1  | Bought a scroll of teleportation for 42 gold pieces
 25754 | Snake:1  | Identified the ring "Ymurhum" {AC+4 Str+5 Dex+6}
 25980 | Snake:1  | Found Ponaog Zaqe's Jewellery Emporium.
 26104 | Snake:2  | Reached skill level 5 in Summonings
 26334 | Snake:2  | Found Izxeluer's Antique Armour Emporium.
 26343 | Snake:2  | Bought a faintly glowing leather armour for 273 gold pieces
 26343 | Snake:2  | Identified the +0 leather armour of Vityfed {Rampage
                  | Slay+2} (You bought it in a shop on level 2 of the Snake
                  | Pit)
 26388 | Snake:2  | Reached XP level 17. HP: 133/133 MP: 2/33
 27632 | Snake:4  | Entered Level 4 of the Snake Pit
 27952 | Snake:4  | Got a serpentine rune of Zot
 28200 | Snake:4  | Reached XP level 18. HP: 141/141 MP: 30/35
 28476 | Snake:1  | Bought a ring of willpower for 375 gold pieces
 28760 | Orc:2    | Learned a level 8 spell: Lehudib's Crystal Spear
 28767 | Elf:1    | Entered Level 1 of the Elven Halls
 28767 | Elf:1    | Found a runed translucent gate.
 28767 | Elf:1    | Found a runed translucent gate.
 28767 | Elf:1    | Found a runed translucent gate.
 28767 | Elf:1    | Found a runed translucent gate.
 28767 | Elf:1    | Found a runed translucent gate.
 28767 | Elf:1    | Found a runed translucent gate.
 28769 | Elf:1    | Found a runed translucent door.
 28780 | Elf:1    | Found a runed translucent door.
 28978 | Elf:1    | Reached skill level 1 in Necromancy
 29070 | Elf:1    | Found a portal to a secret trove of treasure.
 29209 | Elf:1    | Paralysed by an air elemental for 1 turns
 29286 | Elf:1    | Reached skill level 2 in Necromancy
 29578 | Elf:1    | Reached skill level 3 in Necromancy
 29593 | Elf:1    | Got Dibywkad's Atlas of Summoning
 30213 | Elf:2    | Found a runed translucent gate.
 30213 | Elf:2    | Found a runed translucent gate.
 30213 | Elf:2    | Found an iron altar of Okawaru.
 30213 | Elf:2    | Found a runed translucent gate.
 30213 | Elf:2    | Noticed Ydghunti's ghost (journeyman MiGl)
 30291 | Elf:2    | Reached skill level 4 in Necromancy
 30301 | Elf:2    | Found a runed translucent gate.
 30301 | Elf:2    | Found a runed translucent gate.
 30301 | Elf:2    | Found a runed translucent gate.
 30498 | Elf:3    | Entered Level 3 of the Elven Halls
 30599 | Elf:2    | Paralysed by an air elemental for 1 turns
 30733 | Elf:2    | Killed Ydghunti's ghost
 30756 | Elf:2    | Identified the +3 triple sword of Exquisite Torment {spect,
                  | Int+4}
 30758 | Elf:2    | Identified the +2 pair of gloves of Failure {-Cast rElec
                  | rC+}
 31287 | Elf:3    | Reached skill level 15 in Dodging
 31288 | Elf:3    | Reached XP level 19. HP: 149/149 MP: 25/36
 31311 | Elf:3    | Reached skill level 5 in Necromancy
 31485 | Elf:3    | Identified the +1 leather armour of Eternal Night {rElec
                  | MP+9 Str-2 Int+8}
 31544 | Elf:3    | Found the +8 autumn katana {vorpal, manifold assault}
 31544 | Elf:3    | Found the +6 lightning scales {swift, rElec}
 31559 | Elf:3    | Identified the +1 plate armour "Mebud" {rN+++ Dex+10
                  | Slay-5}
 31574 | Elf:3    | Got Kaxkic's Quarto of Virulent Allies
 31589 | Elf:3    | Identified the +4 quarterstaff of Watchfulness {protect,
                  | Str+4}
 31595 | Elf:3    | Identified the +8 shortbow of Death's Door {freeze, rCorr}
 32200 | D:14     | Reached skill level 10 in Transmutations
 32231 | D:14     | Found a gate to the Vaults.
 32515 | D:14     | Found a hazy altar of Hepliaklqana.
 32671 | D:14     | Found a runed translucent door.
 32844 | D:15     | Entered Level 15 of the Dungeon
 33072 | D:15     | Reached skill level 6 in Necromancy
 33431 | D:15     | Found a staircase to the Depths.
 33599 | D:14     | Bought a pair of brightly glowing gloves for 313 gold
                  | pieces
 33599 | D:14     | Identified the +0 pair of gloves of the Moon {rF+ Str+2}
                  | (You bought it in a shop on level 14 of the Dungeon)
 33599 | D:14     | Bought a smoking helmet for 313 gold pieces
 33599 | D:14     | Identified the +1 helmet "Vemeame" {Rampage Str+3} (You
                  | bought it in a shop on level 14 of the Dungeon)
 33617 | D:14     | Bought a scroll of teleportation for 39 gold pieces
 33623 | D:14     | Bought an iridescent flail for 399 gold pieces
 33623 | D:14     | Identified the +6 flail of Corruption {drain, Int+4 SInv}
                  | (You bought it in a shop on level 14 of the Dungeon)
 33863 | Vaults:1 | Entered Level 1 of the Vaults
 33887 | Vaults:1 | You fall into a shaft and drop 1 floor!
 34045 | Vaults:2 | Noticed Margery
 34058 | Vaults:2 | Killed Margery
 34107 | Vaults:2 | Reached skill level 7 in Necromancy
 34181 | Vaults:2 | Learned a level 4 spell: Passage of Golubria
 34527 | Vaults:1 | Reached XP level 20. HP: 158/158 MP: 38/38
 34693 | Vaults:1 | Found Ximiz's Distillery.
 34709 | Vaults:1 | Bought a potion of heal wounds for 50 gold pieces
 34709 | Vaults:1 | Bought a potion of brilliance for 40 gold pieces
 34709 | Vaults:1 | Bought a potion of might for 40 gold pieces
 34709 | Vaults:1 | Bought a potion of curing for 30 gold pieces
 34709 | Vaults:1 | Bought a potion of curing for 30 gold pieces
 34709 | Vaults:1 | Bought a potion of curing for 30 gold pieces
 35076 | Vaults:1 | Reached skill level 10 in Summonings
 35628 | Vaults:2 | Identified the +8 hand axe of Luefeig {venom, *Rage *Noise
                  | Str+4 Int+6}
 35658 | Vaults:2 | Reached skill level 8 in Necromancy
 35744 | Vaults:2 | Noticed Xtahua
 35750 | Vaults:2 | Killed Xtahua
 35902 | Vaults:2 | Noticed Bai Suzhen
 35915 | Vaults:2 | Killed Bai Suzhen
 36171 | Vaults:2 | Found Xusynab's Antique Armour Shoppe.
 36306 | Vaults:2 | Found a staircase to the Crypt.
 36485 | Vaults:2 | Noticed Aizul
 36488 | Vaults:2 | Killed Aizul
 36812 | Vaults:3 | Reached skill level 15 in Spellcasting
 36839 | Vaults:3 | Found Welorioz's Weapon Emporium.
 36900 | Vaults:3 | Reached skill level 9 in Necromancy
 36901 | Vaults:3 | Gained mutation: Your presence sometimes corrodes or
                  | deforms those you injure. [demonic ancestry]
 36901 | Vaults:3 | Reached XP level 21. HP: 130/166 MP: 22/40
 37572 | Vaults:3 | Reached skill level 15 in Fighting
 37617 | Vaults:3 | Reached skill level 15 in Earth Magic
 37803 | Vaults:4 | Found Wupui's Jewellery Boutique.
 37845 | Vaults:4 | Noticed Boris
 37860 | Vaults:4 | Killed Boris
 38043 | Vaults:4 | Reached skill level 10 in Necromancy
 38071 | Vaults:4 | Found a flickering gateway to a bazaar.
 38082 | Bazaar   | Entered a bazaar
 38100 | Bazaar   | Found Nooptag's Jewellery Shoppe.
 38100 | Bazaar   | Found Laafueq's Antique Armour Emporium.
 38137 | Bazaar   | Found Ozam's Antique Armour Shoppe.
 38137 | Bazaar   | Found Cosmupp's Armour Emporium.
 38203 | Bazaar   | Bought a distressingly furry cloak for 304 gold pieces
 38203 | Bazaar   | Identified the +3 cloak of Ydghir {Rampage rN+} (You bought
                  | it in a shop in a bazaar)
 38264 | Vaults:4 | Found Ogaotsaj's Armour Boutique.
 38270 | Vaults:4 | Bought a +2 helmet of intelligence for 408 gold pieces
 38441 | Vaults:3 | Identified the +3 ring mail of the Leaf {rPois Will++}
 38956 | Vaults:4 | Noticed Mara
 39282 | Vaults:4 | Noticed FexLirch's illusion
 39282 | Vaults:4 | Killed Mara
 39338 | Vaults:4 | Reached XP level 22. HP: 149/176 MP: 19/41
 39409 | Vaults:4 | Found Posifoet's General Store.
 39596 | Vaults:4 | Identified the +1 chain mail of Forking Paths {rC++ rN+}
 40069 | Lair:4   | Bought a scarf of resistance for 320 gold pieces
 40091 | Lair:4   | Bought the Guide on Hexes and Moulding for 578 gold pieces
 40092 | Lair:4   | Fell from the grace of Gozag
 40092 | Lair:4   | Became a worshipper of Jiyva Jenaor the Shapeless
 40505 | Crypt:1  | Entered Level 1 of the Crypt
 40530 | Crypt:1  | Noticed Vv
 40540 | Crypt:1  | Killed Vv
 40726 | Crypt:1  | Noticed Zenata
 40747 | Crypt:1  | Killed Zenata
 40785 | Crypt:1  | Found a basalt altar of Yredelemnul.
 40851 | Crypt:1  | Reached * piety under Jiyva
 41160 | Crypt:1  | Reached skill level 11 in Necromancy
 41200 | Crypt:1  | Found an ancient bone altar of Kikubaaqudgha.
 41508 | Crypt:2  | Learned a level 3 spell: Swiftness
 41531 | Crypt:2  | Noticed Saint Roka
 41539 | Crypt:2  | Killed Saint Roka
 41552 | Crypt:2  | Reached skill level 1 in Air Magic
 41628 | Crypt:2  | Reached ** piety under Jiyva
 41992 | Crypt:3  | Entered Level 3 of the Crypt
 42376 | Crypt:3  | Found a basalt altar of Yredelemnul.
 42417 | Crypt:3  | Identified the +9 short sword of Pestilence {pain, *Slow
                  | rCorr Str+7 Int+3}
 42461 | Crypt:3  | Reached XP level 23. HP: 183/184 MP: 14/43
 42576 | Crypt:3  | Found a staircase to the Tomb.
 42947 | Crypt:3  | Reached skill level 12 in Necromancy
 43000 | Crypt:3  | Reached *** piety under Jiyva
 43064 | Crypt:3  | Gained mutation: Your melee attacks may engulf your foes in
                  | ooze. [Jiyva's grace]
 43064 | Crypt:3  | Gained mutation: Your translucent skin slightly reduces
                  | your foes' accuracy. (Stealth+) [Jiyva's grace]
 43064 | Crypt:3  | Gained mutation: Your translucent skin reduces your foes'
                  | accuracy. (Stealth+) [Jiyva's grace]
 43064 | Crypt:3  | Gained mutation: Your transparent skin significantly
                  | reduces your foes' accuracy. (Stealth+) [Jiyva's grace]
 43105 | Crypt:3  | Got the Meditations on Mortification
 43232 | Tomb:1   | Entered Level 1 of the Tomb of the Ancients
 43871 | Depths:1 | Entered Level 1 of the Depths
 43929 | Depths:1 | Reached **** piety under Jiyva
 44063 | Depths:1 | Noticed the Enchantress
 44146 | Depths:1 | Found a one-way gate to the infinite horrors of the Abyss.
 44182 | Depths:1 | Found Cojeicud's Jewellery Shoppe.
 44183 | Depths:1 | Found Ejofy's Book Shop.
 44185 | Depths:1 | Found Bosh's Jewellery Shoppe.
 44195 | Depths:1 | Bought the Compendium of Circular Logic for 684 gold pieces
 44197 | Depths:1 | Bought the ring of Jezxuwy {rC++ Int+6} for 968 gold pieces
 44290 | Depths:1 | Noticed Boris
 44294 | Depths:1 | Killed Boris
 44384 | Depths:1 | Learned a level 7 spell: Haunt
 44607 | Depths:1 | Found a gateway to Hell.
 44764 | Depths:1 | Reached ***** piety under Jiyva
 44901 | Depths:1 | Killed the Enchantress
 44943 | Depths:2 | Noticed Grunn
 44959 | Depths:2 | Killed Grunn
 44965 | Depths:1 | HP: 11/240 [doom hound[Grunn] (23)]
 45228 | Depths:2 | Found a one-way gate leading to the halls of Pandemonium.
 45358 | Depths:2 | Reached skill level 5 in Air Magic
 45464 | Depths:2 | Lost mutation: Your melee attacks may engulf your foes in
                  | ooze. [Jiyva's grace]
 45464 | Depths:2 | Gained mutation: You are strong-willed. (Will+) [Jiyva's
                  | grace]
 45464 | Depths:2 | Gained mutation: You are highly strong-willed. (Will++)
                  | [Jiyva's grace]
 45464 | Depths:2 | Gained mutation: You are extremely strong-willed. (Will+++)
                  | [Jiyva's grace]
 45464 | Depths:2 | Gained mutation: You have a pair of small horns on your
                  | head. [Jiyva's grace]
 45641 | Depths:2 | Found a one-way gateway to a ziggurat.
 46293 | Depths:3 | Noticed xzight's ghost (veteran GnFi)
 46404 | Depths:3 | Found a runed translucent door.
 46550 | Depths:3 | You are sucked into a shaft and drop 1 floor!
 46550 | Depths:4 | Entered Level 4 of the Depths
 46596 | Depths:4 | Was forgiven by Gozag
 46596 | Depths:4 | Reached skill level 13 in Necromancy
 46604 | Depths:4 | Reached XP level 24. HP: 193/193 MP: 12/43
 47145 | Depths:3 | Lost mutation: You are extremely strong-willed. (Will+++)
                  | [Jiyva's grace]
 47145 | Depths:3 | Lost mutation: Your transparent skin significantly reduces
                  | your foes' accuracy. (Stealth+) [Jiyva's grace]
 47145 | Depths:3 | Lost mutation: Your translucent skin reduces your foes'
                  | accuracy. (Stealth+) [Jiyva's grace]
 47145 | Depths:3 | Lost mutation: Your translucent skin slightly reduces your
                  | foes' accuracy. (Stealth+) [Jiyva's grace]
 47145 | Depths:3 | Gained mutation: Your translucent skin slightly reduces
                  | your foes' accuracy. (Stealth+) [Jiyva's grace]
 47145 | Depths:3 | Gained mutation: Your translucent skin reduces your foes'
                  | accuracy. (Stealth+) [Jiyva's grace]
 47145 | Depths:3 | Gained mutation: Your transparent skin significantly
                  | reduces your foes' accuracy. (Stealth+) [Jiyva's grace]
 47145 | Depths:3 | Gained mutation: Your spells are a little harder to cast,
                  | but a little more powerful. [Jiyva's grace]
 47191 | Depths:3 | Found The Legendary Adghethreu's Legendary Smithy.
 47240 | Depths:3 | Found a sparkling altar of Nemelex Xobeh.
 47251 | Depths:3 | Found Rupud's Miraculous Elixirs.
 47310 | Depths:3 | Found Qiobb's General Store.
 47389 | Depths:3 | Identified the +1 pair of gloves "Qanef Lympi" {Int+5}
 47497 | Depths:3 | Found an ancient bone altar of Kikubaaqudgha.
 47698 | Depths:3 | Reached ****** piety under Jiyva
 48017 | Depths:4 | Found a gate to the Realm of Zot.
 48820 | Slime:1  | Entered Level 1 of the Pits of Slime
 48844 | Slime:5  | Entered Level 5 of the Pits of Slime
 48855 | Slime:5  | Noticed the Royal Jelly
 48855 | Slime:5  | Found a viscous altar of Jiyva.
 48859 | Slime:5  | Got the Atlas of Translocated Firn
 48859 | Slime:5  | Got a slimy rune of Zot
 48872 | Slime:5  | Identified the +7 war axe of Dahun {drain, +Blink rPois
                  | Int+5 Dex+2}
 49329 | Zot:1    | Entered Level 1 of the Realm of Zot
 49396 | Zot:1    | Reached skill level 14 in Necromancy
 49729 | Zot:1    | Reached skill level 15 in Necromancy
 50033 | Zot:1    | Reached skill level 16 in Necromancy
 50181 | Zot:1    | Identified the +4 falchion of the Scorpion {vorpal, Str+5}
 50376 | Zot:3    | Gained mutation: You are completely covered in razor-sharp
                  | scales. (AC +3, Slay +3) [demonic ancestry]
 50376 | Zot:3    | Reached XP level 25. HP: 180/201 MP: 28/44
 50459 | Zot:2    | Lost mutation: You are highly strong-willed. (Will++)
                  | [Jiyva's grace]
 50459 | Zot:2    | Lost mutation: Your spells are a little harder to cast, but
                  | a little more powerful. [Jiyva's grace]
 50459 | Zot:2    | Gained mutation: Your mind is acute. (Int +4, Str/Dex -1)
                  | [Jiyva's grace]
 50459 | Zot:2    | Gained mutation: Your mind is very acute. (Int +8, Str/Dex
                  | -2) [Jiyva's grace]
 50459 | Zot:2    | Gained mutation: Your flesh is cold resistant. (rC+)
                  | [Jiyva's grace]
 50459 | Zot:2    | Gained mutation: Your flesh is very cold resistant. (rC++)
                  | [Jiyva's grace]
 50464 | Zot:2    | Reached skill level 17 in Necromancy
 50562 | Zot:2    | Noticed a Killer Klown
 50568 | Zot:2    | Killed a Killer Klown
 50572 | Zot:2    | Noticed an orb of fire
 50579 | Zot:2    | Killed an orb of fire
 50596 | Zot:2    | Learned a level 9 spell: Death's Door
 50605 | Zot:2    | Identified the +6 long sword of Division {venom, Str+3}
 51127 | Zot:3    | Reached skill level 18 in Necromancy
 52083 | Zot:4    | Noticed a Killer Klown
 52093 | Zot:4    | Killed a Killer Klown
 52503 | Zot:4    | Reached skill level 19 in Necromancy
 52511 | Zot:4    | Gained mutation: You possess an exceptional clarity of
                  | mind. [Jiyva's grace]
 52511 | Zot:4    | Gained mutation: Your body has grown eyes which may confuse
                  | attackers. (Acc +3) [Jiyva's grace]
 52511 | Zot:4    | Gained mutation: Your body has grown many eyes which may
                  | confuse attackers. (Acc +5) [Jiyva's grace]
 52511 | Zot:4    | Gained mutation: Your body is covered in eyes which may
                  | confuse attackers. (Acc +7, SInv) [Jiyva's grace]
 52666 | Zot:4    | Noticed an orb of fire
 52671 | Zot:4    | Killed an orb of fire
 52726 | Zot:4    | Noticed an orb of fire
 53118 | Zot:5    | Entered Level 5 of the Realm of Zot
 53301 | Zot:5    | Reached skill level 20 in Necromancy
 53461 | Zot:5    | Noticed a Killer Klown
 53462 | Zot:5    | Noticed an ancient lich
 53463 | Zot:5    | Killed a Killer Klown
 53464 | Zot:5    | Noticed a Killer Klown
 53464 | Zot:5    | Killed an ancient lich
 53468 | Zot:5    | Noticed a dread lich
 53469 | Zot:5    | Killed a dread lich
 53472 | Zot:5    | Killed a Killer Klown
 53478 | Zot:5    | Gained mutation: When low on magic, you restore magic in
                  | place of health. [demonic ancestry]
 53478 | Zot:5    | Reached XP level 26. HP: 200/208 MP: 39/45
 53484 | Zot:5    | Noticed an ancient lich
 53487 | Zot:5    | Noticed an orb of fire
 53488 | Zot:5    | Killed an ancient lich
 53495 | Zot:5    | Killed an orb of fire
 53496 | Zot:5    | Reached skill level 21 in Necromancy
 53505 | Zot:5    | Noticed an orb of fire
 53508 | Zot:5    | Noticed an orb of fire
 53511 | Zot:5    | Gained mutation: You are weak. (Str -2) [an orb of fire]
 53516 | Zot:5    | Killed an orb of fire
 53524 | Zot:5    | Killed an orb of fire
 53528 | Zot:5    | Noticed an orb of fire
 53553 | Zot:5    | Noticed a dread lich
 53558 | Zot:5    | Killed a dread lich
 53560 | Zot:5    | Noticed an orb of fire
 53567 | Zot:5    | Killed an orb of fire
 53572 | Zot:5    | Noticed an orb of fire
 53573 | Zot:5    | Lost mutation: You possess an exceptional clarity of mind.
                  | [an orb of fire]
 53579 | Zot:5    | Gained mutation: You are occasionally teleported next to
                  | monsters. [an orb of fire]
 53579 | Zot:5    | Killed an orb of fire
 53581 | Zot:5    | Lost mutation: You are occasionally teleported next to
                  | monsters. [an orb of fire]
 53583 | Zot:5    | Killed an orb of fire
 53584 | Zot:5    | Reached skill level 22 in Necromancy
 53587 | Zot:5    | Noticed a dread lich
 53593 | Zot:5    | Killed a dread lich
 53596 | Zot:5    | Noticed a dread lich
 53606 | Zot:5    | Killed a dread lich
 54031 | Depths:4 | Voluntarily entered the Abyss.
 54039 | Abyss:2  | Found a corrupted altar of Lugonu.
 54039 | Abyss:2  | Found a corrupted altar of Lugonu.
 54105 | Abyss:3  | Lost mutation: You have a pair of small horns on your head.
                  | [Jiyva's grace]
 54105 | Abyss:3  | Lost mutation: Your mind is very acute. (Int +8, Str/Dex
                  | -2) [Jiyva's grace]
 54105 | Abyss:3  | Lost mutation: Your flesh is very cold resistant. (rC++)
                  | [Jiyva's grace]
 54105 | Abyss:3  | Lost mutation: You are weak. (Str -2) [Jiyva's grace]
 54105 | Abyss:3  | Lost mutation: Your body is covered in eyes which may
                  | confuse attackers. (Acc +7, SInv) [Jiyva's grace]
 54105 | Abyss:3  | Gained mutation: You expend magic power (3 MP) to
                  | strengthen your wands. [Jiyva's grace]
 54105 | Abyss:3  | Gained mutation: Your melee attacks may engulf your foes in
                  | ooze. [Jiyva's grace]
 54105 | Abyss:3  | Gained mutation: Your spells are a little harder to cast,
                  | but a little more powerful. [Jiyva's grace]
 54105 | Abyss:3  | Gained mutation: Your spells are harder to cast, but more
                  | powerful. [Jiyva's grace]
 54245 | Abyss:3  | Found a candlelit altar of Ignis.
 54321 | Abyss:3  | Gained mutation: You occasionally lose the ability to read
                  | scrolls when taking damage. [a neqoxec]
 54323 | Abyss:3  | Lost mutation: Your body has grown many eyes which may
                  | confuse attackers. (Acc +5) [potion of mutation]
 54323 | Abyss:3  | Lost mutation: You expend magic power (3 MP) to strengthen
                  | your wands. [potion of mutation]
 54323 | Abyss:3  | Lost mutation: You are strong-willed. (Will+) [potion of
                  | mutation]
 54323 | Abyss:3  | Lost mutation: Your spells are harder to cast, but more
                  | powerful. [potion of mutation]
 54323 | Abyss:3  | Gained mutation: You possess an exceptional clarity of
                  | mind. [potion of mutation]
 54333 | Abyss:3  | Reached skill level 23 in Necromancy
 54350 | Abyss:3  | Found a candlelit altar of Ignis.
 54350 | Abyss:3  | Lost mutation: Your spells are a little harder to cast, but
                  | a little more powerful. [a neqoxec]
 54351 | Abyss:3  | Gained mutation: You do not regenerate when monsters are
                  | visible. [a neqoxec]
 54353 | Abyss:3  | Lost mutation: You do not regenerate when monsters are
                  | visible. [potion of mutation]
 54353 | Abyss:3  | Lost mutation: Your mind is acute. (Int +4, Str/Dex -1)
                  | [potion of mutation]
 54353 | Abyss:3  | Gained mutation: Your movements are slightly less
                  | encumbered by armour. (ER -2) [potion of mutation]
 54353 | Abyss:3  | Gained mutation: Your flesh is very cold resistant. (rC++)
                  | [potion of mutation]
 54383 | Abyss:3  | Got an abyssal rune of Zot
 54404 | Depths:4 | Escaped the Abyss
 54691 | Vaults:5 | Entered Level 5 of the Vaults
 54758 | Vaults:5 | Found Xaumipeoc's Distillery.
 54762 | Vaults:5 | Bought a potion of haste for 200 gold pieces
 54762 | Vaults:5 | Bought a potion of brilliance for 80 gold pieces
 54762 | Vaults:5 | Bought a potion of curing for 60 gold pieces
 54762 | Vaults:5 | Bought a potion of heal wounds for 100 gold pieces
 54802 | Vaults:5 | Found Meomoho's Magic Scroll Shoppe.
 54807 | Vaults:5 | Bought a scroll of magic mapping for 120 gold pieces
 54807 | Vaults:5 | Bought a scroll of magic mapping for 120 gold pieces
 54824 | Vaults:5 | Identified the +11 flail of Rikaong {elec, Drain rElec
                  | Str+3}
 54856 | Vaults:5 | Reached skill level 24 in Necromancy
 54857 | Vaults:5 | Noticed Mennas
 54912 | Vaults:5 | Noticed an ancient lich
 54930 | Vaults:5 | Killed an ancient lich
 54931 | Vaults:5 | Gained mutation: You can speak a Word of Chaos. [demonic
                  | ancestry]
 54931 | Vaults:5 | Reached XP level 27. HP: 154/214 MP: 20/47
 54934 | Vaults:5 | Killed Mennas
 54995 | Vaults:5 | Identified the +6 mace of Infinite Pain {holy, rElec rF-
                  | Str+3 Dex+4}
 55194 | Vaults:5 | Acquired the +0 helmet "Vinwosom" {rElec rF+ SInv}
 55226 | Vaults:5 | Identified the +0 plate armour "Dugaceh" {Str+9}
 55286 | Vaults:5 | Noticed an ancient lich
 55290 | Vaults:5 | Killed an ancient lich
 55335 | Vaults:5 | Identified the +5 flail of Ruination {drain, Str+4}
 55399 | Vaults:5 | Noticed Jory
 55404 | Vaults:5 | Killed Jory
 55413 | Vaults:5 | Got a silver rune of Zot
 55421 | Vaults:5 | Reached skill level 25 in Necromancy
 55803 | Hell     | Entered the Vestibule of Hell
 55803 | Hell     | Noticed Geryon
 55816 | Hell     | Noticed Murray
 55851 | Depths:1 | Killed Murray
 55876 | Hell     | Killed Geryon
 55877 | Hell     | Reached skill level 15 in Summonings
 55915 | Hell     | Found a gateway to the freezing wastes of Cocytus.
 55981 | Hell     | Found a gateway to the decaying netherworld of Tartarus.
 56040 | Hell     | Lost mutation: You possess an exceptional clarity of mind.
                  | [Jiyva's grace]
 56040 | Hell     | Lost mutation: You occasionally lose the ability to read
                  | scrolls when taking damage. [Jiyva's grace]
 56040 | Hell     | Gained mutation: Your spells are a little harder to cast,
                  | but a little more powerful. [Jiyva's grace]
 56040 | Hell     | Gained mutation: Your spells are harder to cast, but more
                  | powerful. [Jiyva's grace]
 56040 | Hell     | Gained mutation: Your spells are much harder to cast, but
                  | much more powerful. [Jiyva's grace]
 56040 | Hell     | Gained mutation: You have a small jelly attached to you
                  | that senses nearby items. [Jiyva's grace]
 56042 | Hell     | Found a gateway to the ashen valley of Gehenna.
 56093 | Hell     | Found a gateway to the Iron City of Dis.
 56290 | Tar:1    | Entered Level 1 of Tartarus
 56342 | Tar:1    | Noticed an ancient lich
 56348 | Tar:1    | Killed an ancient lich
 56580 | Tar:5    | Noticed an ancient lich
 56580 | Tar:5    | Noticed an ancient lich
 56580 | Tar:5    | Noticed a dread lich
 56872 | Zot:5    | Got the Orb of Zot
 57345 | D:8      | Noticed Hafeumyt the pandemonium lord
 57351 | D:8      | Killed Hafeumyt the pandemonium lord
 57518 | D:3      | Noticed Rojuosk the pandemonium lord
 57521 | D:3      | Killed Rojuosk the pandemonium lord
 57589 | D:$      | Escaped with the Orb!

Illustrated notes

Levels and vault maps discovered:
D:1:      dpeg_arrival_pond, layout_basic, ebering_ecumenical_altar_abandoned,
          st_stairs_1, minivault_4
D:2:      layout_basic, serial_shops, nicolae_shop_stone,
          grunt_decor_mini_mirrors, minmay_surrounded
D:3:      kennysheep_six_static_rooms, layout_loops_corners, xom_butterflies,
          mainiacjoe_overflow_divided_tiny, minivault_11, uniq_robin
D:4:      layout_basic, fiery_altar_vehumet, enter_ossuary_4,
          amcnicky_mini_rare_corridor_liquid, uniq_ijyb
D:5:      layout_loops_ring, minmay_temple_entry_antechambers,
          minmay_diced_spiral
D:6:      layout_gridville
D:7:      layout_loops_ring, okawaru_gym_becter, grunt_dithmenos_shadows
D:8:      layout_layer_cave, grunt_gozag_breadcrumbs, lair_entry_dummy,
          serial_shops, shop, amcnicky_mini_pool_small, uniq_maurice
D:9:      minmay_distorted_concentric_squares, layout_grid_maze,
          nicolae_shop_gadgets
D:10:     layout_gridville, david_orc_5, enter_bailey_5
D:11:     layout_roguey
D:12:     layout_basic, serial_shops, nicolae_shop_stone, uniq_kirke
D:13:     layout_irregular_city
D:14:     mludivico_vault, layout_gridville, david_vaults_4, nicolae_sextant,
          nzn_hepliaklqana_mist_gate
D:15:     grunt_enter_depths_magical_seal, layout_irregular_city, zin_treasury
Temple:   hellmonk_temple_two_chambers
Lair:1:   layout_gridlike, lemuel_centaur_altar, grunt_megastairs_4
Lair:2:   layout_regular_city, skrybe_swamp_entry_bodies,
          nicolae_volcano_entry_lava_flow, st_stairs_12, grunt_megastairs_1
Lair:3:   layout_roguey, guppyfry_snake_entry_island, uniq_urug, uniq_sonja,
          uniq_fannar
Lair:4:   layout_layer_cave, minmay_slime_entry_oklob_open, lemuel_fruit_tree,
          lemuel_fruit_fields
Lair:5:   grunt_lair_end_beastmaster, layout_long_grid, serial_bayou_shore_b,
          grunt_megastairs_2
Swamp:1:  layout_basic_swamp, evilmike_swamp_ruin_house_6
Swamp:2:  layout_basic_swamp, evilmike_swamp_ruin_house_2, uniq_mlioglotl,
          uniq_roxanne
Swamp:3:  nicolae_swamp_tree_isthmus, layout_basic_swamp, serial_swamp_ruin,
          evilmike_swamp_ruin_rubble_2, evilmike_swamp_ruin_house_5
Swamp:4:  swamp, layout_basic_swamp
Snake:1:  kennysheep_snake, layout_rooms, serial_shops, nicolae_shop_trees,
          nicolae_shop_window_shopping, shop, shop,
          nicolae_snake_slithery_corners, uniq_josephine
Snake:2:  nicolae_sea_snake_s, layout_layer_cave, serial_shops, shop,
          nicolae_coiled_stairwell_up
Snake:3:  layout_cave_town, nicolae_triple_integral, serial_bayou_shore_a
Snake:4:  snake_pit, layout_rooms, hangedman_snake_corridor_cut
Slime:1:  layout_caves
Slime:2:  layout_caves
Slime:3:  layout_caves
Slime:4:  layout_caves
Slime:5
Orc:1:    layout_caves, gammafunk_ghost_berserking_beasts
Orc:2:    st_orc_town, layout_caves
Elf:1:    nicolae_elf_arrival_dilemma, layout_geoelf_octagon,
          nicolae_trove_entry_path_of_doom,
          hangedman_elven_crosses_minicolossus, hangedman_research_convocations
Elf:2:    nicolae_elf_blades_crystal_corner, layout_loops_corners,
          gammafunk_ghost_fury_of_okawaru
Elf:3:    minmay_elf_hall_x, layout_loops_corners, minmay_misc_feat_rows
Vaults:1: vaults_room_fours, ontoclasm_vaults_claustrophobia,
          vaults_room_door_hall, nicolae_vaults_windows_and_doors_thing,
          v_alt_pattern_6, vaults_room_stairs_pillars, st_more_cells, v_misc_19,
          hangedman_vaults_slice, hangedman_vaults_corner_blocks,
          hangedman_vaults_capsules, layout_vaults_omnigrid, serial_shops,
          nicolae_shop_window_shopping
Vaults:2: nicolae_vaults_big_angled_halls, minmay_crypt_entry_simple_walls,
          dpeg_vaults_hating_casters, v_misc_13, v_alt_pattern_5,
          nicolae_vaults_puzzle_piece, v_misc_2, nicolae_vaults_circle_grid_a,
          grunt_vaults_focal, serial_ice_h, vaults_room_hallway,
          vaults_room_grid, hangedman_vaults_restitches,
          layout_vaults_omnicross, serial_shops, nicolae_shop_waterfront,
          uniq_bai_suzhen, uniq_aizul, uniq_margery, uniq_xtahua
Vaults:3: nicolae_vaults_arrows, nicolae_vaults_network_star, v_misc_32,
          hangedman_vaults_corner_blocks, nicolae_vaults_yaktaur_gun_rack,
          ontoclasm_vaults_shout, vaults_room_large_hall,
          nicolae_vaults_network_barrier, v_pattern_3,
          nicolae_vaults_diagonal_hallway_9, layout_vaults_omnibox,
          serial_shops, nicolae_shop_statue_plus
Vaults:4: v_alt_pattern_6, hangedman_vaults_restitches, hangedman_vaults_locks,
          hangedman_vaults_hat, vaults_dpeg_encased_lava,
          hangedman_vaults_stagger, ontoclasm_vaults_fault,
          nicolae_vaults_stairing_the_circle, v_misc_8, vaults_dpeg_doors,
          v_misc_8, nicolae_vaults_quartermaster, nicolae_vaults_little_ls,
          nicolae_vaults_asterisk, nicolae_vaults_gold_heap,
          ontoclasm_vaults_twist, v_misc_19, layout_vaults_ring, serial_shops,
          bzr_entry_road, nicolae_shop_behind_doors, shop,
          nicolae_shop_statue_plus, uniq_mara, uniq_boris
Vaults:5: serial_shops, uniq_jory, uniq_mennas
Crypt:1:  layout_gridlike, basic_altar, hex_medium,
          lemuel_mausoleum_altar_kikubaaqudgha,
          grunt_crypt_arrival_guarded_gate, uniq_zenata, uniq_vv
Crypt:2:  layout_catacombs, grunt_megastairs_3, uniq_saint_roka, uniq_josephina
Crypt:3:  church_of_pain_bobbens, layout_chaotic_city,
          tomb_entry_forgotten_bobbens, nicolae_crypt_small_crypt
Tomb:1
Depths:1: layout_gridlike, abyss_entry, mu_enter_wizlab_3,
          minmay_misc_feat_secret_circle, hangedman_tar_grid_catacomb,
          chequers_serial_rivers_micro_e, patterned_corridor, minmay_shop_grove,
          uniq_enchantress
Depths:2: nicolae_whirlpool, layout_basic, enter_ziggurat_b,
          pf_dread_powers_of_hell, abyss_entry, grunt_pan_entry_in_and_out,
          serial_bayou_shore_b, infiniplex_staircase_pillars_3a, uniq_grunn
Depths:3: grated_community_mu [grated_community_mu_vampire_home,
          grated_community_mu_giant_home, grated_community_mu_spellcaster_home,
          grated_community_mu_orcish_home, grated_community_mu_troll_home,
          grated_community_mu_taur_home, grated_community_mu_unbuilt_plot],
          layout_basic, hangedman_abyss_or_decor_slice, hellmonk_ghost_big_iron,
          hell_entry, abyss_entry_crystal, infiniplex_staircase_door_maze,
          serial_bayou_shore_b
Depths:4: grunt_zot_entry_hairpin, layout_gridlike, hell_entry,
          grunt_pan_entry_sceptre, abyss_entry, nicolae_burly_brawl
Hell
Tar:1:    layout_honeycomb
Tar:2:    layout_cathedral_of_symmetry
Tar:3:    layout_honeycomb, nicolae_tar_cuneiform_oil
Tar:4:    layout_cathedral_of_symmetry
Tar:5:    layout_cathedral_of_symmetry, nicolae_tar_liches_on_tour
Zot:1:    lemuel_draconian_sentries, layout_gridlike, st_large_dragon_hoard_3
Zot:2:    layout_misc_corridors, lemuel_elevator
Zot:3:    layout_concentric_octagons
Zot:4:    kennysheep_oblong_rooms, layout_gridlike, nrook_zot_tub
Zot:5:    layout_misc_corridors

Skill      XL: |  1  2  3  4  5  6  7  8  9 10 11 12 13 14 15 16 17 18 19 20 21 22 23 24 25 26 27 |
---------------+----------------------------------------------------------------------------------+-----
Spellcasting   | 3 4 5 6 7 8 9 10 11 12 13 14 15 16 17 18 20 | 20.8
Conjurations   | 5 6 7 9 10 11 12 13 14 15 16 17 18 19 20 | 20.0
Hexes          | 1 2 3 4 |  4.1
Translocations | 1 2 3 4 |  4.0
Short Blades   | 2 3 |  3.3
Earth Magic    | 2 3 5 6 8 9 10 11 12 13 14 15 16 | 16.8
Dodging        | 3 4 5 7 8 9 11 12 14 15 16 17 18 | 18.0
Fighting       | 2 4 6 7 8 9 10 11 12 13 14 15 16 17 | 17.1
Transmutations | 2 4 6 7 8 9 10 | 10.0
Summonings     | 2 5 7 8 9 10 11 12 13 14 18 | 18.6
Necromancy     | 4 7 9 10 11 13 16 20 24 25 | 25.1
Air Magic      | 3 5 6 |  6.6
Stealth        | |  1.7

Action                   |  1- 3 |  4- 6 |  7- 9 | 10-12 | 13-15 | 16-18 | 19-21 | 22-24 | 25-27 || total
-------------------------+-------+-------+-------+-------+-------+-------+-------+-------+-------++-------
Melee: Dagger            |     2 |    27 |    22 |    46 |   155 |     8 |       |    55 |     1 ||   316
       Kick              |       |    11 |    20 |    13 |    71 |    37 |    55 |    84 |    21 ||   312
       Spear             |       |    11 |       |       |       |       |       |       |       ||    11
       Rapier            |       |     2 |    13 |       |       |       |       |       |       ||    15
       Staff             |       |       |       |       |       |    59 |    72 |    68 |    34 ||   233
       Headbutt          |       |       |       |       |       |       |       |    12 |    15 ||    27
       Great mace        |       |       |       |       |       |       |       |       |     2 ||     2
 Cast: Magic Dart        |    86 |    57 |    28 |   136 |   123 |    35 |     3 |       |       ||   468
       Searing Ray       |     2 |    16 |    37 |    24 |    16 |       |       |       |       ||    95
       Fulminant Prism   |       |     1 |    10 |    45 |    44 |    57 |    57 |    15 |     9 ||   238
       Iskenderun's Myst |       |       |     4 |    22 |    95 |    52 |    10 |   136 |    33 ||   352
       Iskenderun's Batt |       |       |       |    38 |    50 |    11 |     2 |       |       ||   101
       Iron Shot         |       |       |       |     9 |   142 |   192 |   281 |   397 |   366 ||  1387
       Statue Form       |       |       |       |       |    25 |    37 |    21 |    38 |    36 ||   157
       Apportation       |       |       |       |       |       |    97 |   232 |    41 |    32 ||   402
       Spellforged Servi |       |       |       |       |       |    34 |    68 |    59 |    60 ||   221
       Lehudib's Crystal |       |       |       |       |       |       |    34 |    79 |   143 ||   256
       Passage of Golubr |       |       |       |       |       |       |     5 |     5 |     3 ||    13
       Swiftness         |       |       |       |       |       |       |       |     3 |     1 ||     4
       Haunt             |       |       |       |       |       |       |       |    26 |    50 ||    76
Invok: Call Merchant     |       |       |       |       |       |       |     6 |     2 |       ||     8
       Oozemancy         |       |       |       |       |       |       |       |     1 |       ||     1
 Abil: End Transformatio |       |       |       |       |     4 |       |     4 |     1 |     2 ||    11
Evoke: Wand              |       |     3 |     4 |     5 |     1 |     1 |     1 |    10 |       ||    25
       Lightning rod     |       |       |       |       |       |       |     4 |       |       ||     4
       Tin of tremorston |       |       |       |       |       |       |       |       |     2 ||     2
  Use: Scroll            |     1 |     3 |       |     9 |    21 |    12 |     5 |    13 |    15 ||    79
       Potion            |       |       |       |       |     1 |     1 |     2 |     6 |    13 ||    23
 Stab: Distracted        |       |       |       |       |     6 |     1 |       |     7 |       ||    14
Armor: Robe              |     4 |     2 |       |       |    16 |    10 |     1 |       |       ||    33
       Leather armour    |       |    15 |    30 |    35 |     9 |       |    23 |    10 |    13 ||   135
       Skin              |       |       |       |       |   160 |   189 |    83 |   373 |   235 ||  1040
Dodge: Dodged            |     8 |    25 |    40 |    68 |   308 |   353 |   334 |   713 |   525 ||  2374
       Repelled          |       |       |       |     2 |    15 |    33 |    11 |       |       ||    61
